Map: Acid Plant LE

Players

Honor - Winner!

  • Race: Zerg Zerg
  • League: Master
  • Spawn Location: 5:00

A.I. 1 (Elite)

  • Race: Terran Terran
  • Spawn Location: 11:00

VOD

Have the link to the VOD?

Description

Time

  • Played on: April 11, 2018, 6:44 a.m.
  • Length: 9:09
Show
View Real Time Build Order
Export as new Build Order

Honor Zerg - Winner!

Build Orders: Hatch First 

Get SALT Encoding   

  12  0:01  Drone  
  13  0:12  Overlord  
  13  0:17  Drone  
  14  0:30  Drone x2  
  14  0:34  Drone  
  17  0:53  Hatchery  
  17  0:55  Drone  
  17  0:59  Drone  
  18  1:12  Spawning Pool  
  18  1:15  Drone  
  18  1:18  Extractor  
  17  1:19  Drone  
  18  1:28  Drone  
  19  1:38  Drone  
  20  1:52  Overlord  
  20  1:58  Queen  
  22  2:04  Queen  
  22  2:06  Zergling x4  
  26  2:12  Drone  
  27  2:19  Metabolic Boost  
  27  2:21  Drone  
  28  2:25  Drone  
  29  2:32  Drone  
  29  2:34  Drone  
  31  2:44  Drone x2  
  33  2:50  Overlord  
  33  2:54  Drone  
  33  2:56  Queen  
  33  2:57  Hatchery  
  35  3:04  Drone  
  36  3:15  Drone  
  36  3:16  Drone x6  
  36  3:17  Drone  
  44  3:27  Extractor  
  43  3:28  Extractor  
  43  3:29  Overlord  
  43  3:31  Drone  
  43  3:37  Drone  
  43  3:52  Drone  
  43  3:53  Drone x7  
  51  3:59  Lair  
  51  4:00  Roach Warren  
  50  4:03  Drone  
  51  4:12  Drone x3  
  51  4:13  Drone x2  
  56  4:22  Evolution Chamber  
  55  4:30  Overlord x2  
  55  4:31  Overlord  
  55  4:42  Spore Crawler  
  55  4:43  Spore Crawler  
  53  4:45  Spore Crawler  
  53  4:46  Drone x2  
  53  4:48  Drone  
  53  4:49  Zerg Missile Weapons Level 1  
  53  4:50  Roach  
  53  4:51  Roach x4  
  65  4:54  Roach  
  67  5:02  Drone x2  
  69  5:11  Hydralisk Den  
  68  5:15  Roach x6  
  68  5:20  Overlord x3  
  80  5:40  Roach x5  
  80  5:41  Roach x7  
  104  5:48  Grooved Spines  
  104  5:50  Drone  
  104  5:51  Extractor  
  104  5:52  Drone  
  104  5:56  Overlord x3  
  105  6:07  Overlord  
  105  6:15  Drone  
  105  6:16  Drone  
  105  6:17  Roach x2  
  105  6:18  Roach x7  
  125  6:29  Overlord x3  
  125  6:36  Roach x3  
  125  6:37  Roach  
  133  6:47  Roach x4  
  133  6:48  Roach  
  143  6:55  Drone, Extractor  
  143  6:56  Drone x2  
  143  6:57  Drone x2  
  143  6:58  Drone, Extractor  
  143  6:59  Drone x2, Muscular Augments  
  149  7:03  Roach x2  
  153  7:18  Hydralisk x2  
  157  7:25  Hydralisk x2  
  161  7:32  Overlord x4  
  137  7:55  Hydralisk x7  
  137  7:56  Hydralisk x3  
  145  8:08  Hydralisk x4  
  149  8:26  Hydralisk  
  147  8:27  Hydralisk x5  
  147  8:34  Overlord  
Show
View Real Time Build Order
Export as new Build Order

A.I. 1 (Elite) Terran 

Build Orders: MMM Bio 

Get SALT Encoding   

  12  0:00  SCV  
  13  0:13  SCV  
  14  0:18  Supply Depot  
  14  0:25  SCV  
  15  0:40  SCV  
  15  0:42  Barracks  
  16  0:52  SCV  
  17  1:04  SCV  
  18  1:16  SCV  
  19  1:20  Command Center  
  19  1:30  Marine  
  20  1:34  Orbital Command  
  20  1:40  Refinery  
  20  1:47  Marine  
  20  1:52  Supply Depot  
  21  2:00  SCV  
  22  2:03  Refinery  
  22  2:05  Marine  
  23  2:14  SCV  
  24  2:23  Marine  
  24  2:26  SCV  
  25  2:31  SCV  
  26  2:38  SCV  
  26  2:41  Marine  
  28  2:45  Orbital Command, Factory  
  28  2:50  SCV  
  29  2:59  Factory  
  29  3:00  Marine  
  29  3:02  SCV  
  31  3:11  SCV  
  32  3:14  SCV  
  32  3:17  Marine  
  34  3:22  Supply Depot  
  34  3:23  SCV  
  34  3:26  SCV  
  36  3:29  Factory Tech Lab  
  36  3:35  SCV  
  36  3:38  SCV  
  38  3:44  Factory Tech Lab  
  38  3:48  SCV  
  39  3:50  Siege Tank  
  39  3:51  SCV  
  39  3:55  Supply Depot  
  43  4:00  SCV  
  43  4:02  Siege Tank  
  47  4:03  SCV  
  48  4:10  Marine  
  48  4:11  Supply Depot  
  48  4:12  SCV  
  48  4:15  SCV  
  51  4:20  Supply Depot  
  51  4:22  Siege Tank  
  54  4:24  SCV  
  54  4:27  SCV  
  56  4:33  Supply Depot  
  56  4:36  SCV  
  57  4:38  Marine  
  57  4:39  SCV  
  57  4:40  Siege Tank  
  62  4:48  SCV  
  62  4:51  SCV  
  64  4:54  Supply Depot  
  64  4:56  Marine  
  65  5:00  Barracks, SCV  
  65  5:02  Armory  
  65  5:03  SCV, Refinery  
  65  5:05  Refinery  
  67  5:12  SCV  
  68  5:15  Barracks Tech Lab  
  68  5:18  Engineering Bay  
  68  5:26  Command Center, SCV  
  68  5:27  SCV  
  70  5:33  Marine  
  70  5:34  Stimpack  
  71  5:38  SCV  
  71  5:39  SCV  
  73  5:47  Starport  
  73  5:49  Barracks Reactor, Missile Turret  
  73  5:50  SCV  
  73  5:51  Marine, Missile Turret, SCV  
  73  5:55  Barracks  
  76  5:59  Engineering Bay  
  76  6:08  Marine  
  77  6:12  Terran Infantry Weapons Level 1  
  77  6:14  Missile Turret  
  77  6:25  Marine x2, Terran Infantry Armor Level 1  
  78  6:26  Starport Reactor  
  78  6:27  Marauder  
  78  6:31  Supply Depot  
  81  6:33  Missile Turret  
  81  6:38  SCV  
  81  6:39  SCV x2  
  84  6:43  Marine  
  84  6:44  Marine x2  
  87  6:48  Marauder  
  87  6:49  Refinery  
  87  6:50  SCV  
  87  6:52  SCV  
  87  6:53  SCV  
  92  6:59  Missile Turret  
  92  7:01  Marine, Missile Turret  
  93  7:02  Marine, Medivac, Viking  
  93  7:03  Barracks, SCV  
  93  7:04  Barracks Tech Lab, SCV, Refinery  
  93  7:05  SCV  
  101  7:09  Supply Depot  
  101  7:10  Marauder  
  101  7:15  SCV  
  104  7:16  SCV  
  104  7:17  SCV  
  104  7:22  Combat Shields  
  108  7:23  Missile Turret, Marauder  
  108  7:27  SCV  
  108  7:28  SCV  
  110  7:31  Marauder  
  110  7:32  Medivac, Viking  
  113  7:38  Supply Depot  
  110  7:44  SCV  
  110  7:46  Marauder  
  110  7:49  SCV  
  98  7:52  Marine  
  98  7:54  Marine  
  98  7:55  Marine  
  98  7:56  SCV  
  98  7:58  Marine  
  68  8:07  Marine  
  68  8:10  Marine  
  65  8:12  Marine  
  65  8:13  Marauder  
  47  8:25  Marine  
  35  8:28  Marine  
  35  8:30  Marine  
  31  8:35  Marauder  
  31  8:43  Marine  
  31  8:46  Marine  
  31  8:47  SCV  
  31  8:48  Marine  
Tags
 
Composition
MMM Bio
League
Master
Matchup
TvZ
Spawn Locations
Cross Positions
Add a new tag
Caveats
  • Supply blocks, unpowered buildings, or Contaminate may cause inaccurate times.
  • Supply counts are checked every 10 seconds.